Demolitions vs Punishers
(R3)
Created - 16 avril 2014 at 23:12
Goals
|
| Demolitions |
1 |
2 |
0 |
3 |
| Punishers |
1 |
1 |
3 |
5 |
|
Shots
|
| Demolitions |
9 |
12 |
11 |
32 |
| Punishers |
11 |
13 |
16 |
40 |
|
1st period
1. Punishers , Jimmie Olvestad 1 (Chris Conner, John Mitchell) at 3:15
2. Demolitions , Brad Richardson 1 (Brandon Bochenski, Andy Rogers) at 10:26
Penalties :
Spencer Machacek (Vic) for Charging (Minor) at 16:03
2nd period
3. Demolitions , Marcel Hossa 1 (T.J. Hensick, Anthony Stewart) at 12:56
4. Punishers , Mike Grier 2 (Petteri Nokelainen) at 19:29
5. Demolitions , T.J. Hensick 2 (Marcel Hossa, Anthony Stewart) at 19:35
Penalties :
Andy Rogers (Vic) for Hooking (Minor) at 0:44, Brandon McMillan (Pro) for Interference (Minor) at 17:12
3rd period
6. Punishers , Chris Conner 1 (John Mitchell, Karri Ramo) at 8:45
7. Punishers , Petteri Nokelainen 1 (Tanner Glass, Adam Pineault) at 18:42
8. Punishers , Viktor Stalberg 1 (Alyn McCauley, Mike Grier) at 19:59
Penalties :
Mike Grier (Pro) for Holding (Minor) at 0:40, Anton Babchuk (Vic) for High sticking (Minor) at 9:43, Mike Blunden (Pro) for Hooking (Minor) at 12:12
Goalie Stats
Chad Johnson (Vic), 35 saves from 40 shots - (0,875), L, 1-1-0, 60:00 minutes
Karri Ramo (Pro), 29 saves from 32 shots - (0,906), W, 1-1-0, 60:00 minutes
Players Stats for Demolitions
Player Name G A P +/- PIM S H SB GA TA FO MP PP MP PK MP
------------------------------------------------------------------------------------
Andy Rogers 0 1 1 -2 2 1 2 0 0 4 0/0 28:11 3:13 2:11
Anssi Salmela 0 0 0 1 0 0 0 0 0 1 0/0 12:20 0:30 0:00
Anthony Stewart 0 2 2 0 0 1 1 0 0 0 1/4 21:56 3:12 1:30
Anton Babchuk 0 0 0 -1 2 0 2 1 0 1 0/0 19:15 2:19 1:46
Bobby Butler 0 0 0 0 0 1 1 0 0 0 0/0 10:40 0:00 0:00
Brad Richardson 1 0 1 0 0 6 1 0 0 0 4/9 18:04 2:17 3:42
Brandon Bochenski 0 1 1 0 0 0 2 0 0 0 0/0 14:38 2:38 0:00
Cal Clutterbuck 0 0 0 -1 0 0 0 1 0 0 0/0 11:32 0:33 0:00
Kyle Cumiskey 0 0 0 -2 0 3 1 1 0 2 0/0 27:28 3:13 3:10
Kyle Wharton 0 0 0 1 0 0 0 1 1 0 0/0 12:46 0:20 2:00
Marcel Hossa 1 1 2 0 0 5 3 0 1 0 1/3 22:32 3:12 2:06
Matt Corrente 0 0 0 -1 0 2 1 3 1 0 0/0 20:17 2:19 2:47
Nicolas Blanchard 0 0 0 0 0 1 0 0 0 1 0/3 10:40 0:00 0:00
Petr Vrana 0 0 0 -2 0 1 0 0 0 0 0/0 9:20 0:28 0:45
Spencer Machacek 0 0 0 -2 2 0 4 0 0 0 0/0 8:13 0:07 0:00
T.J. Hensick 1 1 2 0 0 8 3 1 1 1 26/43 23:53 3:07 3:42
Troy Brouwer 0 0 0 0 0 3 1 0 0 0 0/0 14:31 2:17 0:09
Vince Rocco 0 0 0 -1 0 0 0 0 0 0 0/2 7:44 0:00 0:00
Players Stats for Punishers
Player Name G A P +/- PIM S H SB GA TA FO MP PP MP PK MP
------------------------------------------------------------------------------------
Adam McQuaid 0 0 0 1 0 0 0 0 0 0 0/0 6:31 0:00 0:00
Adam Pineault 0 1 1 2 0 4 0 1 1 0 0/0 11:43 0:05 0:00
Alyn McCauley 0 1 1 0 0 2 2 0 1 1 10/26 21:22 3:13 2:17
Brandon McMillan 0 0 0 1 2 0 0 0 0 0 1/2 6:55 0:00 0:00
Chris Conner 1 1 2 -1 0 2 1 0 2 1 1/1 16:01 2:39 0:00
Jason Demers 0 0 0 1 0 4 1 1 1 0 0/0 25:32 3:07 3:25
Jean-Luc Grand-Pierre 0 0 0 0 0 1 2 0 0 0 0/0 18:04 2:50 2:32
Jimmie Olvestad 1 0 1 -1 0 7 0 0 0 0 0/1 17:22 2:39 1:21
John Mitchell 0 2 2 -1 0 1 1 0 0 1 9/14 16:01 2:39 0:00
Justin Falk 0 0 0 0 0 2 1 0 0 0 0/0 9:53 0:00 0:00
Kris Chucko 0 0 0 0 0 1 3 0 0 0 0/0 7:13 0:00 0:35
Marc-André Bergeron 0 0 0 0 0 1 0 0 0 0 0/0 15:10 2:50 0:00
Mark Fraser 0 0 0 0 0 0 0 1 0 0 0/0 12:47 0:00 2:32
Mike Blunden 0 0 0 0 2 1 1 0 1 0 0/0 7:02 0:05 0:00
Mike Grier 1 1 2 1 2 5 1 1 1 0 3/3 21:39 3:13 1:59
Mike Weber 0 0 0 1 0 0 0 0 0 0 0/0 6:31 0:00 0:00
Petteri Nokelainen 1 1 2 3 0 2 2 0 0 0 7/13 15:09 0:00 2:57
Tanner Glass 0 1 1 2 0 2 0 0 0 0 0/0 12:54 0:00 1:18
Tom Gilbert 0 0 0 1 0 0 2 1 1 0 0/0 25:32 3:07 3:25
Viktor Stalberg 1 0 1 0 0 5 0 0 2 1 1/4 20:39 3:18 1:27
3 Stars
1 - Petteri Nokelainen (Pro)
2 - T.J. Hensick (Vic)
3 - Marcel Hossa (Vic)
Power Play
Demolitions - 0 on 3 Attempt(s) - 0,00%
Punishers - 0 on 3 Attempt(s) - 0,00%
Penalty Kill
Demolitions - 3 on 3 Attempt(s) - 100,00%
- Score 0 goal in Penalty Kill
Punishers - 3 on 3 Attempt(s) - 100,00%
- Score 0 goal in Penalty Kill
Official
Referees : Sutherland Kelly and LaRue Dennis
Linesman : Scott Driscoll and Jay Sharrers
Game Notes
No Game Note
Finance
Level 1 -- Attendance: 1852 (92,60%) -- Ticket Income 64 820 $
Level 2 -- Attendance: 928 (92,80%) -- Ticket Income 13 920 $
Total Attendance: 2780 (92,67%)
Total Ticket Income: 78 740 $
Other Income: 3 937 $
Total Income: 82 677 $
Demolitions
5 vs 5 Forward
Center Left Wing Right Wing Time % Phy DF OF
1 T.J. Hensick Marcel Hossa Anthony Stewart 61 1 2 2
2 Brad Richardson Troy Brouwer Brandon Bochenski 35 1 2 2
3 Nicolas Blanchard Bobby Butler Cal Clutterbuck 3 1 2 2
4 Vince Rocco Petr Vrana Spencer Machacek 1 1 2 2
5 vs 5 Defense
Defense Defense Time % Phy DF OF
1 Kyle Cumiskey Andy Rogers 56 1 2 2
2 Anton Babchuk Matt Corrente 40 1 2 2
3 Anssi Salmela Kyle Wharton 3 1 2 2
4 Kyle Cumiskey Andy Rogers 1 1 2 2
PowerPlay Forward
Center Left Wing Right Wing Time % Phy DF OF
1 T.J. Hensick Marcel Hossa Anthony Stewart 80 1 2 2
2 Brad Richardson Troy Brouwer Brandon Bochenski 20 1 2 2
PowerPlay Defense
Defense Defense Time % Phy DF OF
1 Kyle Cumiskey Andy Rogers 80 1 2 2
2 Anton Babchuk Matt Corrente 20 1 2 2
Penalty Kill 4 Players Forward
Center Wing Time % Phy DF OF
1 T.J. Hensick Brad Richardson 60 1 2 2
2 Anthony Stewart Marcel Hossa 40 1 2 2
Penalty Kill 4 Players Defense
Defense Defense Time % Phy DF OF
1 Kyle Cumiskey Andy Rogers 60 1 2 2
2 Anton Babchuk Matt Corrente 40 1 2 2
Penalty Kill - 3 Players Forward
Forward Time % Phy DF OF
1 T.J. Hensick 60 1 2 2
2 Brad Richardson 40 1 2 2
Penalty Kill - 3 Players Defense
Defense Defense Time % Phy DF OF
1 Kyle Cumiskey Andy Rogers 60 1 2 2
2 Anton Babchuk Matt Corrente 40 1 2 2
4 vs 4 Forward
Center Wing Time % Phy DF OF
1 T.J. Hensick Brad Richardson 60 1 2 2
2 Anthony Stewart Marcel Hossa 40 1 2 2
4 vs 4 Defense
Defense Defense Time % Phy DF OF
1 Kyle Cumiskey Andy Rogers 60 1 2 2
2 Anton Babchuk Matt Corrente 40 1 2 2
Last Minutes Offensive
Center Left Wing Right Wing Defense Defense
T.J. Hensick Marcel Hossa Anthony Stewart Kyle Cumiskey Andy Rogers
Last Minutes Defensive
Center Left Wing Right Wing Defense Defense
T.J. Hensick Marcel Hossa Anthony Stewart Kyle Cumiskey Andy Rogers
Goaltenders
Starting : Chad Johnson
Backup : Antero Niittymaki
Extra Forwards
Normal : T.J. Hensick, Cal Clutterbuck, Petr Vrana - PP : T.J. Hensick, Cal Clutterbuck - PK : Petr Vrana
Extra Defensemen
Normal : Anssi Salmela, Kyle Wharton, Anton Babchuk - PP : Anssi Salmela - PK : Kyle Wharton, Anton Babchuk
Penalty Shots
T.J. Hensick, Brad Richardson, Anthony Stewart, Marcel Hossa, Troy Brouwer
Punishers
5 vs 5 Forward
Center Left Wing Right Wing Time % Phy DF OF
1 Alyn McCauley Viktor Stalberg Mike Grier 40 0 2 3
2 John Mitchell Jimmie Olvestad Chris Conner 30 0 2 3
3 Petteri Nokelainen Tanner Glass Adam Pineault 20 0 2 3
4 Brandon McMillan Kris Chucko Mike Blunden 10 0 3 2
5 vs 5 Defense
Defense Defense Time % Phy DF OF
1 Tom Gilbert Jason Demers 40 0 2 3
2 Marc-André Bergeron Jean-Luc Grand-Pierre 30 0 2 3
3 Justin Falk Mark Fraser 20 1 3 1
4 Mike Weber Adam McQuaid 10 1 3 1
PowerPlay Forward
Center Left Wing Right Wing Time % Phy DF OF
1 Alyn McCauley Viktor Stalberg Mike Grier 60 0 2 3
2 John Mitchell Jimmie Olvestad Chris Conner 40 0 2 3
PowerPlay Defense
Defense Defense Time % Phy DF OF
1 Tom Gilbert Jason Demers 60 0 2 3
2 Jean-Luc Grand-Pierre Marc-André Bergeron 40 0 2 3
Penalty Kill 4 Players Forward
Center Wing Time % Phy DF OF
1 Petteri Nokelainen Mike Grier 60 1 3 1
2 Alyn McCauley Viktor Stalberg 40 1 3 1
Penalty Kill 4 Players Defense
Defense Defense Time % Phy DF OF
1 Tom Gilbert Jason Demers 60 1 3 1
2 Jean-Luc Grand-Pierre Mark Fraser 40 1 3 1
Penalty Kill - 3 Players Forward
Forward Time % Phy DF OF
1 Alyn McCauley 60 1 3 1
2 Mike Grier 40 1 3 1
Penalty Kill - 3 Players Defense
Defense Defense Time % Phy DF OF
1 Tom Gilbert Jason Demers 60 1 3 1
2 Jean-Luc Grand-Pierre Mark Fraser 40 1 3 1
4 vs 4 Forward
Center Wing Time % Phy DF OF
1 Viktor Stalberg Mike Grier 60 0 2 3
2 Alyn McCauley Jimmie Olvestad 40 0 2 3
4 vs 4 Defense
Defense Defense Time % Phy DF OF
1 Tom Gilbert Jason Demers 60 0 2 3
2 Jean-Luc Grand-Pierre Marc-André Bergeron 40 0 2 3
Last Minutes Offensive
Center Left Wing Right Wing Defense Defense
Alyn McCauley Viktor Stalberg Mike Grier Tom Gilbert Jason Demers
Last Minutes Defensive
Center Left Wing Right Wing Defense Defense
Alyn McCauley Viktor Stalberg Mike Grier Tom Gilbert Jason Demers
Goaltenders
Starting : Karri Ramo
Backup : Kevin Poulin
Extra Forwards
Normal : Chris Conner, Adam Pineault, Tanner Glass - PP : Chris Conner, Adam Pineault - PK : Tanner Glass
Extra Defensemen
Normal : Mike Weber, Adam McQuaid, Justin Falk - PP : Mike Weber - PK : Adam McQuaid, Justin Falk
Penalty Shots
Jimmie Olvestad, Viktor Stalberg, Mike Grier, Chris Conner, John Mitchell
% Time on Ice - Demolitions
Lines # - Real PCT - Wanted PCT - Time Play
Normal Forward
1 - 35% - 61% - 16:31
2 - 26% - 35% - 12:14
3 - 23% - 3% - 10:40
4 - 16% - 1% - 7:44
Normal Defense
1 - 47% - 56% - 22:06
2 - 32% - 40% - 15:11
3 - 21% - 3% - 9:52
4 - 0% - 1% - 0:00
PP Forward
1 - 62% - 80% - 3:40
2 - 38% - 20% - 2:17
PP Defense
1 - 61% - 80% - 3:38
2 - 39% - 20% - 2:19
PK Forward
1 - 75% - 60% - 4:27
2 - 25% - 40% - 1:30
PK Defense
1 - 53% - 60% - 3:10
2 - 47% - 40% - 2:47
PK3 Forward
1 - 0% - 60%
2 - 0% - 40%
PK3 Defense
1 - 0% - 60%
2 - 0% - 40%
44 Forward
1 - 0% - 60%
2 - 0% - 40%
44 Defense
1 - 0% - 60%
2 - 0% - 40%
Last Minute Offensive - 0:57
Last Minute Defensive - 0:00
Total
Forward - 60:00
Defense - 60:00
|
% Time on Ice - Punishers
Lines # - Real PCT - Wanted PCT - Time Play
Normal Forward
1 - 33% - 40% - 15:32
2 - 28% - 30% - 13:22
3 - 25% - 20% - 11:36
4 - 14% - 10% - 6:38
Normal Defense
1 - 38% - 40% - 18:02
2 - 27% - 30% - 12:42
3 - 21% - 20% - 9:53
4 - 14% - 10% - 6:31
PP Forward
1 - 55% - 60% - 3:18
2 - 45% - 40% - 2:39
PP Defense
1 - 52% - 60% - 3:07
2 - 48% - 40% - 2:50
PK Forward
1 - 76% - 60% - 4:30
2 - 24% - 40% - 1:27
PK Defense
1 - 57% - 60% - 3:25
2 - 43% - 40% - 2:32
PK3 Forward
1 - 0% - 60%
2 - 0% - 40%
PK3 Defense
1 - 0% - 60%
2 - 0% - 40%
44 Forward
1 - 0% - 60%
2 - 0% - 40%
44 Defense
1 - 0% - 60%
2 - 0% - 40%
Last Minute Offensive - 0:00
Last Minute Defensive - 0:58
Total
Forward - 60:00
Defense - 60:00
|
Play by Play
1st period
0:01 of 1st period - T.J. Hensick wins face-off versus Viktor Stalberg in neutral zone.
0:04 of 1st period - Wrist shot by T.J. Hensick.
0:04 of 1st period - Shot Misses the Net.
0:26 of 1st period - John Mitchell is hit by Kyle Cumiskey and loses puck.
0:36 of 1st period - Off-side.
0:37 of 1st period - Petteri Nokelainen wins face-off versus Nicolas Blanchard in neutral zone.
1:40 of 1st period - Icing by Marc-André Bergeron.
1:41 of 1st period - John Mitchell wins face-off versus Vince Rocco in Punishers zone.
1:52 of 1st period - Wrist shot by Jimmie Olvestad.
1:52 of 1st period - Shot Misses the Net.
2:00 of 1st period - Andy Rogers is hit by Chris Conner and loses puck.
2:21 of 1st period - Snap shot by Jimmie Olvestad.
2:21 of 1st period - Stopped by Chad Johnson with a rebound.
2:43 of 1st period - Wrist shot by John Mitchell.
2:43 of 1st period - Deflect By Jimmie Olvestad.
2:43 of 1st period - Stopped by Chad Johnson with a rebound.
3:15 of 1st period - Snap shot by Jimmie Olvestad.
3:15 of 1st period - Goal by Jimmie Olvestad - Demolitions : 0 - Punishers : 1.
3:16 of 1st period - T.J. Hensick wins face-off versus Alyn McCauley in neutral zone.
4:20 of 1st period - Wrist shot by Marcel Hossa.
4:20 of 1st period - Stopped by Karri Ramo without a rebound.
4:21 of 1st period - T.J. Hensick wins face-off versus Alyn McCauley in Punishers zone.
4:22 of 1st period - Wrist shot by Marcel Hossa.
4:22 of 1st period - Shot Misses the Net.
4:28 of 1st period - Wrist shot by T.J. Hensick.
4:28 of 1st period - Shot Blocked by Mike Grier.
4:30 of 1st period - Slapshot by T.J. Hensick.
4:30 of 1st period - Stopped by Karri Ramo without a rebound.
4:31 of 1st period - Alyn McCauley wins face-off versus Anthony Stewart in Punishers zone.
4:40 of 1st period - Off-side.
4:41 of 1st period - T.J. Hensick wins face-off versus Alyn McCauley in neutral zone.
5:05 of 1st period - Snap shot by Marcel Hossa.
5:05 of 1st period - Stopped by Karri Ramo without a rebound.
5:06 of 1st period - Brandon McMillan wins face-off versus Brad Richardson in Punishers zone.
5:16 of 1st period - Off-side.
5:17 of 1st period - Alyn McCauley wins face-off versus T.J. Hensick in neutral zone.
5:47 of 1st period - Brandon Bochenski is hit by Jason Demers and loses puck.
6:06 of 1st period - Snap shot by Adam Pineault.
6:06 of 1st period - Shot Misses the Net.
6:08 of 1st period - Snap shot by Tanner Glass.
6:08 of 1st period - Shot Misses the Net.
6:10 of 1st period - Wrist shot by Tanner Glass.
6:10 of 1st period - Shot Misses the Net.
6:12 of 1st period - Slapshot by Justin Falk.
6:12 of 1st period - Stopped by Chad Johnson without a rebound.
6:13 of 1st period - Mike Grier wins face-off versus T.J. Hensick in Demolitions zone.
7:01 of 1st period - Kyle Wharton is hit by Kris Chucko and loses puck.
7:25 of 1st period - Off-side.
7:26 of 1st period - Mike Grier wins face-off versus Marcel Hossa in neutral zone.
8:15 of 1st period - Wrist shot by Viktor Stalberg.
8:15 of 1st period - Stopped by Chad Johnson with a rebound.
8:29 of 1st period - Snap shot by Viktor Stalberg.
8:29 of 1st period - Stopped by Chad Johnson with a rebound.
8:31 of 1st period - Wrist shot by Mike Grier.
8:31 of 1st period - Stopped by Chad Johnson without a rebound.
8:32 of 1st period - John Mitchell wins face-off versus Brad Richardson in Demolitions zone.
8:41 of 1st period - Snap shot by Jimmie Olvestad.
8:41 of 1st period - Shot Misses the Net.
8:43 of 1st period - Snap shot by Jason Demers.
8:43 of 1st period - Stopped by Chad Johnson with a rebound.
8:45 of 1st period - Snap shot by Chris Conner.
8:45 of 1st period - Deflect By Jimmie Olvestad.
8:45 of 1st period - Shot Misses the Net.
8:45 of 1st period - Puck is out of play.
8:46 of 1st period - Brad Richardson wins face-off versus Petteri Nokelainen in Demolitions zone.
9:56 of 1st period - Mike Weber is hit by Anton Babchuk.
10:14 of 1st period - Snap shot by Brad Richardson.
10:14 of 1st period - Stopped by Karri Ramo without a rebound.
10:15 of 1st period - Brad Richardson wins face-off versus John Mitchell in Punishers zone.
10:16 of 1st period - Slapshot by Troy Brouwer.
10:16 of 1st period - Stopped by Karri Ramo with a rebound.
10:26 of 1st period - Wrist shot by Brad Richardson.
10:26 of 1st period - Goal by Brad Richardson - Demolitions : 1 - Punishers : 1.
10:27 of 1st period - Mike Grier wins face-off versus T.J. Hensick in neutral zone.
11:01 of 1st period - Wrist shot by Troy Brouwer.
11:01 of 1st period - Deflect By Brad Richardson.
11:01 of 1st period - Stopped by Karri Ramo with a rebound.
11:33 of 1st period - T.J. Hensick is hit by Kris Chucko and loses puck.
11:38 of 1st period - Slapshot by Tom Gilbert.
11:38 of 1st period - Shot Misses the Net.
11:40 of 1st period - Slapshot by Jason Demers.
11:40 of 1st period - Stopped by Chad Johnson with a rebound.
11:50 of 1st period - Wrist shot by Alyn McCauley.
11:50 of 1st period - Stopped by Chad Johnson with a rebound.
11:56 of 1st period - Mike Grier is hit by Brandon Bochenski and loses puck.
12:11 of 1st period - Anssi Salmela is hit by Justin Falk and loses puck.
13:34 of 1st period - Wrist shot by Kyle Cumiskey.
13:34 of 1st period - Stopped by Karri Ramo with a rebound.
14:03 of 1st period - Wrist shot by Bobby Butler.
14:03 of 1st period - Stopped by Karri Ramo without a rebound.
14:04 of 1st period - T.J. Hensick wins face-off versus Alyn McCauley in Punishers zone.
14:30 of 1st period - Brad Richardson is hit by John Mitchell and loses puck.
15:00 of 1st period - Slapshot by Kris Chucko.
15:00 of 1st period - Stopped by Chad Johnson with a rebound.
15:52 of 1st period - Jason Demers is hit by Spencer Machacek and loses puck.
16:03 of 1st period - Minor Penalty to Spencer Machacek for Charging.
16:04 of 1st period - T.J. Hensick wins face-off versus Alyn McCauley in Demolitions zone.
18:03 of 1st period - Penalty to Spencer Machacek is over, Spencer Machacek is back on ice.
18:17 of 1st period - Slapshot by Bobby Butler.
18:17 of 1st period - Shot Misses the Net.
18:23 of 1st period - Wrist shot by Nicolas Blanchard.
18:23 of 1st period - Shot Misses the Net.
18:33 of 1st period - Marc-André Bergeron is hit by Spencer Machacek and loses puck.
18:50 of 1st period - Petteri Nokelainen is hit by T.J. Hensick and loses puck.
19:03 of 1st period - John Mitchell is hit by Brandon Bochenski.
19:52 of 1st period - Off-side.
19:53 of 1st period - T.J. Hensick wins face-off versus Petteri Nokelainen in neutral zone.
Goals for this period are 1 for Demolitions vs 1 for Punishers.
Shots for this period are 9 for Demolitions vs 11 for Punishers.
2nd period
0:01 of 2nd period - T.J. Hensick wins face-off versus Alyn McCauley in neutral zone.
0:44 of 2nd period - Minor Penalty to Andy Rogers for Hooking.
0:45 of 2nd period - Alyn McCauley wins face-off versus T.J. Hensick in Demolitions zone.
0:46 of 2nd period - Wrist shot by Mike Grier.
0:46 of 2nd period - Shot Blocked by T.J. Hensick.
0:48 of 2nd period - Wrist shot by Alyn McCauley.
0:48 of 2nd period - Stopped by Chad Johnson without a rebound.
0:49 of 2nd period - T.J. Hensick wins face-off versus Alyn McCauley in Demolitions zone.
1:37 of 2nd period - Icing by Jimmie Olvestad.
1:38 of 2nd period - John Mitchell wins face-off versus T.J. Hensick in Punishers zone.
1:49 of 2nd period - Snap shot by Mike Grier.
1:49 of 2nd period - Stopped by Chad Johnson without a rebound.
1:50 of 2nd period - Alyn McCauley wins face-off versus Anthony Stewart in Demolitions zone.
1:53 of 2nd period - Snap shot by Alyn McCauley.
1:53 of 2nd period - Shot Blocked by Kyle Cumiskey.
2:16 of 2nd period - Icing by Jimmie Olvestad.
2:17 of 2nd period - T.J. Hensick wins face-off versus John Mitchell in Punishers zone.
2:18 of 2nd period - Wrist shot by Brad Richardson.
2:18 of 2nd period - Stopped by Karri Ramo with a rebound.
2:44 of 2nd period - Penalty to Andy Rogers is over, Andy Rogers is back on ice.
3:03 of 2nd period - Nicolas Blanchard is hit by Jean-Luc Grand-Pierre and loses puck.
3:24 of 2nd period - Wrist shot by Mike Blunden.
3:24 of 2nd period - Shot Blocked by Anton Babchuk.
3:26 of 2nd period - Slapshot by Mike Blunden.
3:26 of 2nd period - Stopped by Chad Johnson with a rebound.
4:24 of 2nd period - Icing by Anssi Salmela.
4:25 of 2nd period - John Mitchell wins face-off versus Nicolas Blanchard in Demolitions zone.
4:29 of 2nd period - Icing by Andy Rogers.
4:30 of 2nd period - John Mitchell wins face-off versus Nicolas Blanchard in Demolitions zone.
5:23 of 2nd period - Wrist shot by T.J. Hensick.
5:23 of 2nd period - Shot Blocked by Mark Fraser.
5:43 of 2nd period - Snap shot by Brad Richardson.
5:43 of 2nd period - Stopped by Karri Ramo without a rebound.
5:44 of 2nd period - T.J. Hensick wins face-off versus Viktor Stalberg in Punishers zone.
5:47 of 2nd period - Snap shot by Marcel Hossa.
5:47 of 2nd period - Stopped by Karri Ramo with a rebound.
5:49 of 2nd period - Slapshot by Anton Babchuk.
5:49 of 2nd period - Shot Blocked by Tom Gilbert.
5:51 of 2nd period - Snap shot by T.J. Hensick.
5:51 of 2nd period - Stopped by Karri Ramo with a rebound.
5:53 of 2nd period - Wrist shot by Anthony Stewart.
5:53 of 2nd period - Shot Misses the Net.
5:55 of 2nd period - Backhand shot by Anton Babchuk.
5:55 of 2nd period - Deflect By Marcel Hossa.
5:55 of 2nd period - Shot Misses the Net.
5:55 of 2nd period - Puck is out of play.
5:56 of 2nd period - T.J. Hensick wins face-off versus Alyn McCauley in Punishers zone.
6:29 of 2nd period - Backhand shot by Adam Pineault.
6:29 of 2nd period - Stopped by Chad Johnson without a rebound.
6:30 of 2nd period - Brad Richardson wins face-off versus Alyn McCauley in Demolitions zone.
6:35 of 2nd period - Wrist shot by Troy Brouwer.
6:35 of 2nd period - Stopped by Karri Ramo with a rebound.
6:37 of 2nd period - Slapshot by Andy Rogers.
6:37 of 2nd period - Shot Misses the Net.
6:41 of 2nd period - Wrist shot by Brad Richardson.
6:41 of 2nd period - Stopped by Karri Ramo with a rebound.
7:23 of 2nd period - Wrist shot by Marcel Hossa.
7:23 of 2nd period - Stopped by Karri Ramo with a rebound.
7:41 of 2nd period - Marc-André Bergeron is hit by Anton Babchuk and loses puck.
7:57 of 2nd period - Wrist shot by Jimmie Olvestad.
7:57 of 2nd period - Stopped by Chad Johnson with a rebound.
7:59 of 2nd period - Slapshot by Jason Demers.
7:59 of 2nd period - Shot Blocked by Cal Clutterbuck.
8:01 of 2nd period - Wrist shot by John Mitchell.
8:01 of 2nd period - Shot Misses the Net.
8:03 of 2nd period - Slapshot by Jimmie Olvestad.
8:03 of 2nd period - Stopped by Chad Johnson with a rebound.
8:05 of 2nd period - Snap shot by John Mitchell.
8:05 of 2nd period - Shot Blocked by Matt Corrente.
8:07 of 2nd period - Slapshot by Justin Falk.
8:07 of 2nd period - Stopped by Chad Johnson with a rebound.
8:09 of 2nd period - Slapshot by Mark Fraser.
8:09 of 2nd period - Shot Blocked by Matt Corrente.
8:39 of 2nd period - Slapshot by Matt Corrente.
8:39 of 2nd period - Shot Misses the Net.
8:55 of 2nd period - Tom Gilbert is hit by Matt Corrente and loses puck.
9:12 of 2nd period - Snap shot by Chris Conner.
9:12 of 2nd period - Shot Misses the Net.
10:21 of 2nd period - Wrist shot by Nicolas Blanchard.
10:21 of 2nd period - Stopped by Karri Ramo with a rebound.
10:23 of 2nd period - Wrist shot by Matt Corrente.
10:23 of 2nd period - Stopped by Karri Ramo with a rebound.
10:55 of 2nd period - Slapshot by Chris Conner.
10:55 of 2nd period - Stopped by Chad Johnson without a rebound.
10:56 of 2nd period - Alyn McCauley wins face-off versus T.J. Hensick in Demolitions zone.
10:59 of 2nd period - Snap shot by Mike Grier.
10:59 of 2nd period - Stopped by Chad Johnson without a rebound.
11:00 of 2nd period - T.J. Hensick wins face-off versus Alyn McCauley in Demolitions zone.
11:00 of 2nd period - T.J. Hensick is hit by Alyn McCauley.
11:34 of 2nd period - Slapshot by Adam Pineault.
11:34 of 2nd period - Shot Misses the Net.
11:36 of 2nd period - Snap shot by Tanner Glass.
11:36 of 2nd period - Deflect By Petteri Nokelainen.
11:36 of 2nd period - Shot Misses the Net.
11:36 of 2nd period - Puck is out of play.
11:37 of 2nd period - T.J. Hensick wins face-off versus Brandon McMillan in Demolitions zone.
11:44 of 2nd period - Jean-Luc Grand-Pierre is hit by Marcel Hossa and loses puck.
12:01 of 2nd period - Brad Richardson is hit by Mike Grier and loses puck.
12:19 of 2nd period - Icing by Anssi Salmela.
12:20 of 2nd period - Petteri Nokelainen wins face-off versus Brad Richardson in Demolitions zone.
12:34 of 2nd period - Slapshot by Tanner Glass.
12:34 of 2nd period - Stopped by Chad Johnson with a rebound.
12:36 of 2nd period - Wrist shot by Adam Pineault.
12:36 of 2nd period - Stopped by Chad Johnson with a rebound.
12:56 of 2nd period - Backhand shot by Marcel Hossa.
12:56 of 2nd period - Goal by Marcel Hossa - Demolitions : 2 - Punishers : 1.
12:57 of 2nd period - Viktor Stalberg wins face-off versus T.J. Hensick in neutral zone.
14:02 of 2nd period - Alyn McCauley is hit by Marcel Hossa and loses puck.
16:58 of 2nd period - Mark Fraser is hit by Spencer Machacek and loses puck.
17:12 of 2nd period - Minor Penalty to Brandon McMillan for Interference.
17:13 of 2nd period - T.J. Hensick wins face-off versus Petteri Nokelainen in Punishers zone.
17:49 of 2nd period - Mike Grier is hit by Brad Richardson.
19:12 of 2nd period - Penalty to Brandon McMillan is over, Brandon McMillan is back on ice.
19:20 of 2nd period - Kyle Cumiskey is hit by Petteri Nokelainen and loses puck.
19:27 of 2nd period - Snap shot by Petteri Nokelainen.
19:27 of 2nd period - Stopped by Chad Johnson with a rebound.
19:29 of 2nd period - Slapshot by Mike Grier.
19:29 of 2nd period - Goal by Mike Grier - Demolitions : 2 - Punishers : 2.
19:30 of 2nd period - T.J. Hensick wins face-off versus John Mitchell in neutral zone.
19:35 of 2nd period - Snap shot by T.J. Hensick.
19:35 of 2nd period - Goal by T.J. Hensick - Demolitions : 3 - Punishers : 2.
19:36 of 2nd period - T.J. Hensick wins face-off versus Alyn McCauley in neutral zone.
19:49 of 2nd period - Slapshot by T.J. Hensick.
19:49 of 2nd period - Shot Misses the Net.
19:51 of 2nd period - Slapshot by Andy Rogers.
19:51 of 2nd period - Stopped by Karri Ramo with a rebound.
Goals for this period are 2 for Demolitions vs 1 for Punishers.
Shots for this period are 12 for Demolitions vs 13 for Punishers.
3rd period
0:01 of 3rd period - T.J. Hensick wins face-off versus Alyn McCauley in neutral zone.
0:06 of 3rd period - Snap shot by T.J. Hensick.
0:06 of 3rd period - Shot Misses the Net.
0:13 of 3rd period - Off-side.
0:14 of 3rd period - Alyn McCauley wins face-off versus T.J. Hensick in neutral zone.
0:16 of 3rd period - Off-side.
0:17 of 3rd period - Alyn McCauley wins face-off versus Marcel Hossa in neutral zone.
0:40 of 3rd period - Minor Penalty to Mike Grier for Holding.
0:41 of 3rd period - Petteri Nokelainen wins face-off versus T.J. Hensick in Punishers zone.
1:29 of 3rd period - Jimmie Olvestad is hit by Andy Rogers and loses puck.
2:40 of 3rd period - Penalty to Mike Grier is over, Mike Grier is back on ice.
2:52 of 3rd period - Slapshot by Jean-Luc Grand-Pierre.
2:52 of 3rd period - Shot Blocked by Kyle Wharton.
2:54 of 3rd period - Wrist shot by Kris Chucko.
2:54 of 3rd period - Shot Misses the Net.
3:10 of 3rd period - Alyn McCauley is hit by Bobby Butler.
3:58 of 3rd period - Kyle Cumiskey is hit by Mike Blunden and loses puck.
4:11 of 3rd period - Adam Pineault is hit by Spencer Machacek and loses puck.
5:28 of 3rd period - Brandon McMillan is hit by T.J. Hensick.
6:21 of 3rd period - Wrist shot by Kyle Cumiskey.
6:21 of 3rd period - Stopped by Karri Ramo without a rebound.
6:22 of 3rd period - Petteri Nokelainen wins face-off versus T.J. Hensick in Punishers zone.
6:29 of 3rd period - Tanner Glass is hit by Marcel Hossa and loses puck.
7:10 of 3rd period - Snap shot by Viktor Stalberg.
7:10 of 3rd period - Stopped by Chad Johnson without a rebound.
7:11 of 3rd period - Alyn McCauley wins face-off versus Vince Rocco in Demolitions zone.
7:14 of 3rd period - Wrist shot by Viktor Stalberg.
7:14 of 3rd period - Deflect By Mike Grier.
7:14 of 3rd period - Shot Misses the Net.
7:14 of 3rd period - Puck is out of play.
7:15 of 3rd period - Marcel Hossa wins face-off versus Viktor Stalberg in Demolitions zone.
7:20 of 3rd period - Wrist shot by Anthony Stewart.
7:20 of 3rd period - Stopped by Karri Ramo with a rebound.
7:22 of 3rd period - Slapshot by Matt Corrente.
7:22 of 3rd period - Stopped by Karri Ramo with a rebound.
7:24 of 3rd period - Snap shot by Marcel Hossa.
7:24 of 3rd period - Deflect By Viktor Stalberg.
7:24 of 3rd period - Shot Misses the Net.
7:24 of 3rd period - Puck is out of play.
7:25 of 3rd period - T.J. Hensick wins face-off versus Alyn McCauley in Punishers zone.
7:33 of 3rd period - Off-side.
7:34 of 3rd period - T.J. Hensick wins face-off versus Alyn McCauley in neutral zone.
7:37 of 3rd period - Slapshot by Kyle Cumiskey.
7:37 of 3rd period - Shot Hit the Post.
8:07 of 3rd period - Mike Grier is hit by Troy Brouwer and loses puck.
8:45 of 3rd period - Slapshot by Chris Conner.
8:45 of 3rd period - Goal by Chris Conner - Demolitions : 3 - Punishers : 3.
8:46 of 3rd period - John Mitchell wins face-off versus Anthony Stewart in neutral zone.
8:49 of 3rd period - Marcel Hossa is hit by Jean-Luc Grand-Pierre and loses puck.
9:02 of 3rd period - Wrist shot by T.J. Hensick.
9:02 of 3rd period - Shot Misses the Net.
9:37 of 3rd period - Snap shot by Adam Pineault.
9:37 of 3rd period - Stopped by Chad Johnson without a rebound.
9:38 of 3rd period - John Mitchell wins face-off versus T.J. Hensick in Demolitions zone.
9:39 of 3rd period - Snap shot by Jimmie Olvestad.
9:39 of 3rd period - Stopped by Chad Johnson without a rebound.
9:40 of 3rd period - T.J. Hensick wins face-off versus Jimmie Olvestad in Demolitions zone.
9:40 of 3rd period - T.J. Hensick is hit by Tom Gilbert.
9:43 of 3rd period - Minor Penalty to Anton Babchuk for High sticking.
9:44 of 3rd period - T.J. Hensick wins face-off versus Alyn McCauley in Demolitions zone.
10:15 of 3rd period - Slapshot by Jason Demers.
10:15 of 3rd period - Stopped by Chad Johnson without a rebound.
10:16 of 3rd period - Chris Conner wins face-off versus T.J. Hensick in Demolitions zone.
10:17 of 3rd period - Snap shot by Jimmie Olvestad.
10:17 of 3rd period - Stopped by Chad Johnson with a rebound.
10:19 of 3rd period - Snap shot by John Mitchell.
10:19 of 3rd period - Shot Blocked by Matt Corrente.
10:21 of 3rd period - Slapshot by Jean-Luc Grand-Pierre.
10:21 of 3rd period - Stopped by Chad Johnson with a rebound.
10:23 of 3rd period - Snap shot by Marc-André Bergeron.
10:23 of 3rd period - Stopped by Chad Johnson without a rebound.
10:24 of 3rd period - T.J. Hensick wins face-off versus John Mitchell in Demolitions zone.
11:24 of 3rd period - Tom Gilbert is hit by Andy Rogers and loses puck.
11:43 of 3rd period - Penalty to Anton Babchuk is over, Anton Babchuk is back on ice.
12:12 of 3rd period - Minor Penalty to Mike Blunden for Hooking.
12:13 of 3rd period - T.J. Hensick wins face-off versus Petteri Nokelainen in Punishers zone.
12:14 of 3rd period - Snap shot by Marcel Hossa.
12:14 of 3rd period - Shot Blocked by Jason Demers.
12:45 of 3rd period - Icing by Andy Rogers.
12:46 of 3rd period - Anthony Stewart wins face-off versus Alyn McCauley in Demolitions zone.
12:46 of 3rd period - Anthony Stewart is hit by Alyn McCauley.
13:26 of 3rd period - Mark Fraser is hit by T.J. Hensick and loses puck.
14:12 of 3rd period - Penalty to Mike Blunden is over, Mike Blunden is back on ice.
14:27 of 3rd period - Snap shot by Petr Vrana.
14:27 of 3rd period - Stopped by Karri Ramo with a rebound.
14:29 of 3rd period - Slapshot by Kyle Cumiskey.
14:29 of 3rd period - Stopped by Karri Ramo without a rebound.
14:30 of 3rd period - Brad Richardson wins face-off versus John Mitchell in Punishers zone.
14:31 of 3rd period - Wrist shot by Troy Brouwer.
14:31 of 3rd period - Stopped by Karri Ramo with a rebound.
15:08 of 3rd period - Anton Babchuk is hit by Kris Chucko and loses puck.
15:25 of 3rd period - Snap shot by Marcel Hossa.
15:25 of 3rd period - Deflect By T.J. Hensick.
15:25 of 3rd period - Stopped by Karri Ramo without a rebound.
15:26 of 3rd period - T.J. Hensick wins face-off versus Petteri Nokelainen in Punishers zone.
15:31 of 3rd period - Snap shot by T.J. Hensick.
15:31 of 3rd period - Stopped by Karri Ramo with a rebound.
15:33 of 3rd period - Wrist shot by T.J. Hensick.
15:33 of 3rd period - Shot Blocked by Adam Pineault.
15:41 of 3rd period - Wrist shot by T.J. Hensick.
15:41 of 3rd period - Stopped by Karri Ramo with a rebound.
15:43 of 3rd period - Snap shot by T.J. Hensick.
15:43 of 3rd period - Stopped by Karri Ramo without a rebound.
15:44 of 3rd period - Alyn McCauley wins face-off versus T.J. Hensick in Punishers zone.
15:44 of 3rd period - Alyn McCauley is hit by Anthony Stewart.
15:50 of 3rd period - Slapshot by T.J. Hensick.
15:50 of 3rd period - Deflect By Mike Grier.
15:50 of 3rd period - Stopped by Karri Ramo with a rebound.
16:10 of 3rd period - Brad Richardson is hit by Petteri Nokelainen and loses puck.
16:29 of 3rd period - Snap shot by John Mitchell.
16:29 of 3rd period - Stopped by Chad Johnson without a rebound.
16:30 of 3rd period - John Mitchell wins face-off versus Brad Richardson in Demolitions zone.
16:37 of 3rd period - Slapshot by Tom Gilbert.
16:37 of 3rd period - Shot Misses the Net.
16:39 of 3rd period - Wrist shot by Jason Demers.
16:39 of 3rd period - Stopped by Chad Johnson without a rebound.
16:40 of 3rd period - Petteri Nokelainen wins face-off versus T.J. Hensick in Demolitions zone.
17:18 of 3rd period - Icing by Andy Rogers.
17:19 of 3rd period - Petteri Nokelainen wins face-off versus Brad Richardson in Demolitions zone.
17:20 of 3rd period - Backhand shot by Adam Pineault.
17:20 of 3rd period - Stopped by Chad Johnson with a rebound.
17:28 of 3rd period - Snap shot by Adam Pineault.
17:28 of 3rd period - Deflect By Petteri Nokelainen.
17:28 of 3rd period - Shot Misses the Net.
17:28 of 3rd period - Puck is out of play.
17:29 of 3rd period - Petteri Nokelainen wins face-off versus T.J. Hensick in Demolitions zone.
18:06 of 3rd period - Wrist shot by Mike Grier.
18:06 of 3rd period - Shot Misses the Net.
18:08 of 3rd period - Snap shot by Mike Grier.
18:08 of 3rd period - Stopped by Chad Johnson without a rebound.
18:09 of 3rd period - John Mitchell wins face-off versus T.J. Hensick in Demolitions zone.
18:40 of 3rd period - Snap shot by Tanner Glass.
18:40 of 3rd period - Stopped by Chad Johnson with a rebound.
18:42 of 3rd period - Snap shot by Petteri Nokelainen.
18:42 of 3rd period - Goal by Petteri Nokelainen - Demolitions : 3 - Punishers : 4.
18:43 of 3rd period - T.J. Hensick wins face-off versus Petteri Nokelainen in neutral zone.
18:43 of 3rd period - T.J. Hensick is hit by Tom Gilbert.
19:33 of 3rd period - Wrist shot by Viktor Stalberg.
19:33 of 3rd period - Stopped by Chad Johnson without a rebound.
19:34 of 3rd period - John MacLean call a timeout for Demolitions.
19:34 of 3rd period - Alyn McCauley wins face-off versus T.J. Hensick in Demolitions zone.
19:57 of 3rd period - Wrist shot by Alyn McCauley.
19:57 of 3rd period - Shot Misses the Net.
19:59 of 3rd period - Snap shot by Viktor Stalberg.
19:59 of 3rd period - Goal by Viktor Stalberg - Demolitions : 3 - Punishers : 5.
Goals for this period are 0 for Demolitions vs 3 for Punishers.
Shots for this period are 11 for Demolitions vs 16 for Punishers.
Output by the SimonT Hockey Simulator (STHS) for François Prévost -- Original Page W3C XHTML 1.0 Valid